AoeStats
← momoJR

Arabia

508127480Analyzed
1v1 RM · 11d ago on Sep 21, 2026· 46m 41s· 2 players
Game mode
Random Map
Map size
Tiny (2 player)
Population
200
Speed
Normal
Resources
Standard
Victory
Conquest
Starting age
Dark Age
Ending age
Imperial Age
RankedLock teamsTeams togetherTeam positionsShared explorationLock speedFull tech treeHidden civsTurbo modeCheats
Victory
Defeat
🇵🇪 Persians · Peru
1337
+13
🇦🇷 Saracens · Argentina
1269
-13
momoJR
5:49 Loom
9:17 Feudal Age
10:11 Double-Bit Axe
12:26 Town Watch
15:44 Fletching
17:40 Padded Archer Armor
18:39 Wheelbarrow
22:35 Castle Age
21:10 Scale Barding Armor
21:46 Forging
22:30 Horse Collar
23:08 Bloodlines
23:58 Chain Barding Armor
24:50 Bodkin Arrow
27:34 Husbandry
29:06 Bow Saw
30:03 Elite Skirmisher
33:23 Heavy Plow
40:17 Imperial Age
38:47 Hand Cart
40:44 Masonry
40:35 Gold Mining
40:40 Stone Mining
42:23 Conscription
42:59 Ballistics
Racha
6:02 Loom
8:47 Feudal Age
9:11 Man-at-Arms
14:41 Double-Bit Axe
15:36 Fletching
18:07 Horse Collar
23:57 Castle Age
22:08 Scale Barding Armor
22:29 Gold Mining
23:14 Forging
23:39 Bloodlines
24:07 Padded Archer Armor
24:47 Wheelbarrow
24:56 Bodkin Arrow
28:05 Bow Saw
30:34 Husbandry
31:44 Iron Casting
32:32 Squires
33:15 Scale Mail Armor
34:09 Heavy Plow
34:59 Chain Barding Armor
38:59 Imperial Age
37:23 Hand Cart
37:50 Gold Shaft Mining
38:09 Chain Mail Armor
37:15 Pikeman
37:50 Town Watch
38:39 Cavalier
39:56 Plate Barding Armor
40:52 Two-Man Saw
40:40 Halberdier
42:35 Chemistry
42:14 Plate Mail Armor
43:49 Masonry
43:21 Savar
48:17 Blast Furnace
Connection lost

Rejoining the realm…

Still unreachable

The connection could not be restored.

Session expired

The server has moved on; the page needs a fresh start.